 Dungeon Crawl Stone Soup version 0.24.0-41-g2ae2f7f1be (webtiles) character file.

Game seed: 10100838657747264476, levelgen mode: deterministic

139 Glalom the Cudgeler (level 5, -1/32 HPs)
             Began as a Gargoyle Fighter on Dec 14, 2019.
             Slain by an orc
             ... wielding a +0 flail
              (2 damage)
             ... on level 3 of the Dungeon.
             The game lasted 00:04:00 (1785 turns).

Glalom the Cudgeler (Gargoyle Fighter)              Turns: 1785, Time: 00:04:00

Health: -1/32      AC: 10    Str: 20    XL:     5   Next: 22%
Magic:  5/5        EV:  7    Int:  9    God:
Gold:   92         SH:  9    Dex:  9    Spells: 4/4 levels left

rFire    . . .     SeeInvis .   a - +0 flail
rCold    . . .     Gourm    .   c - +0 shield
rNeg     + . .     Faith    .   b - +0 scale mail
rPois    ∞         Spirit   .   (no helmet)
rElec    +         Reflect  .   (no cloak)
rCorr    .         Harm     .   (no gloves)
MR       .....                  (no boots)
Stlth    ..........             (no amulet)
HPRegen  0.10/turn              (no ring)
MPRegen  0.09/turn              (no ring)

@: no status effects
A: negative energy resistance 1, electricity resistance, unbreathing,
petrification resistance, rot immunity, AC +4
a: no special abilities


You were on level 3 of the Dungeon.
You were very hungry.

You visited 1 branch of the dungeon, and saw 3 of its levels.

You collected 92 gold pieces.

Inventory:

Hand Weapons
 a - a +0 flail (weapon)
Armour
 b - a +0 scale mail (worn)
 c - a +0 shield (worn)
Scrolls
 h - a scroll of enchant armour {unknown}
 j - 5 scrolls of identify {unknown}
 k - a scroll of fear {unknown}
 n - 2 scrolls of enchant weapon {unknown}
 o - a scroll of teleportation {unknown}
 p - a scroll of fog {unknown}
Potions
 d - 3 potions of might
 e - 3 potions of lignification {unknown}
 g - 2 potions of flight {unknown}
 i - a potion of invisibility
 l - a potion of cancellation {unknown}
 m - a potion of curing {unknown}
 q - a potion of haste {unknown}
 r - a potion of heal wounds {unknown}
Comestibles
 f - 2 rations


   Skills:
 - Level 3.2 Fighting
 + Level 5.2 Maces & Flails
 - Level 3.2 Armour
 - Level 3.2 Shields


You had 4 spell levels left.
You didn't know any spells.
Your spell library was empty.

Dungeon Overview and Level Annotations

Branches:
Dungeon (2/15)

Altars:
Uskayaw


Innate Abilities, Weirdness & Mutations

You are resistant to torment.
Your stone body is resilient. (AC +4)
You are immune to poison.
You resist negative energy. (rN+)
You are resistant to electric shocks. (rElec)
You can survive without breathing.
You are immune to petrification.
You are immune to rotting.


Message History

You closely miss something. Something hits you but does no damage.
You block the orc's attack.
You closely miss something. You block something's attack.
The orc wizard mumbles some strange words.
The orc wizard blinks!
The orc hits you with a +0 flail.
* * * LOW HITPOINT WARNING * * *
You miss something. Something hits you but does no damage.
You hear some strange, mumbled words.
You block the orc's attack. Something hits you but does no damage.
You sock something!
Reactivating autopickup.
You have reached level 5!
You feel a bit more experienced. You block the orc's attack.
The orc hits you with a +0 flail.
* * * LOW HITPOINT WARNING * * *
You closely miss the orc. The orc barely misses you.
You block the orc's attack.
Your shield and scale mail prevent you from hitting the orc.
An orc wizard appears from thin air!
The orc hits you with a +0 flail.
You die...

####...###..!..
#..#o....##..
#..wo#####
#.#o## # #g#
#{# #o# #o# #@#
#o# #.# ..# .##
#. #. #.


You could see a worm, 2 orc wizards, 4 orcs and a hobgoblin.

Vanquished Creatures
  A howler monkey (D:2)
  An orc wizard (D:3)
  An adder (D:2)
  3 worms (D:2)
  3 dart slugs
  A leopard gecko (D:2)
  2 orcs (D:3)
  3 giant cockroaches
  5 goblins
  6 hobgoblins
  2 jackals (D:1)
  8 kobolds
  A quokka (D:2)
  4 bats (D:1)
  5 frilled lizards
  9 rats
55 creatures vanquished.

Notes
Turn   | Place    | Note
-------+----------+-------------------------------------------
     0 | D:1      | Glalom the Gargoyle Fighter began the quest for the Orb.
     0 | D:1      | Reached XP level 1. HP: 14/14 MP: 1/1
   178 | D:1      | Reached XP level 2. HP: 10/19 MP: 2/2
   399 | D:1      | Reached skill level 3 in Maces & Flails
   792 | D:1      | Reached XP level 3. HP: 23/23 MP: 3/3
  1327 | D:2      | Reached skill level 4 in Maces & Flails
  1327 | D:2      | Reached XP level 4. HP: 28/28 MP: 4/4
  1545 | D:2      | Found a hide-covered altar of Uskayaw.
  1741 | D:2      | You fall into a shaft and drop 1 floor!
  1774 | D:3      | Reached skill level 5 in Maces & Flails
  1783 | D:3      | Reached XP level 5. HP: 7/32 MP: 5/5
  1783 | D:3      | HP: 1/32 [orc/+0 flail (6)]
  1785 | D:3      | Slain by an orc

Levels and vault maps discovered:
D:1:      onia_arrival_larder, layout_basic
D:2:      layout_loops_ring, eat_drink_and_be_merry_uskayaw
D:3:      layout_loops_ring, kennysheep_vampire_church, cheibriados_altar_1,
          chequers_ecumenical_altar_simple, kennysheep_generic_room_8

Skill      XL: |  1  2  3  4 |
---------------+-------------+-----
Maces & Flails | 3 4 5 |  5.2
Fighting       | |  3.2
Armour         | |  3.2
Shields        | |  3.2

Action                   |  1- 3 |  4- 6 || total
-------------------------+-------+-------++-------
Melee: Flail             |   160 |    92 ||   252
  Eat: Chunk             |     1 |     1 ||     2
Armor: Scale mail        |   114 |    55 ||   169
Dodge: Dodged            |    49 |    23 ||    72
Block: Shield            |    93 |    57 ||   150
